 Dungeon Sprint DCSS version 0.28.0-62-gf88900778d (webtiles) character file.

Game seed: 1288336863449224006

3139 cbfl8 the Severer (level 9, -13/96 HPs)
             Began as a Minotaur Berserker on Jan 14, 2024.
             Was the Champion of Trog.
             Mangled by Erolcha
             ... wielding a +0 giant spiked club
              (29 damage)
             ... in the Dungeon (Sprint III: "The Ten Rune Challenge").
             The game lasted 00:04:21 (2383 turns).

cbfl8 the Severer (Minotaur Berserker)              Turns: 2383, Time: 00:04:21

Health: -13/96     AC:  6    Str: 22    XL:     9   Next: 61%
Magic:  8/8        EV: 11    Int:  4    God:    Trog [******]
Gold:   1298       SH:  0    Dex: 14    Spells: 8/8 levels left

rFire   . . .      SeeInvis .   m - +1 war axe (flame)
rCold   . . .      Faith    .   (no shield)
rNeg    . . .      Spirit   .   l - +0 ring mail
rPois   .          Reflect  .   (helmet restricted)
rElec   .          Harm     .   (no cloak)
rCorr   .          Rampage  .   (no gloves)
Will    .....      NoTele   +   (no boots)
Stlth   +.........              (no amulet)
HPRegen 0.26/turn               (no ring)
MPRegen 0.11/turn               (no ring)

@: on berserk cooldown, slowed, very slow
A: horns 2, retaliatory headbutt
a: Renounce Religion, Berserk, Trog's Hand, Brothers in Arms


You were in the Dungeon.
You worshipped Trog.
Trog was exalted by your worship.
You visited 1 branch You collected 1424 gold pieces.
You spent 126 gold pieces at shops.

Inventory:

Hand Weapons
 m - a +1 war axe of flaming (weapon)
Armour
 l - a +0 ring mail (worn)
Wands
 b - a wand of mindburst (7)
Scrolls
 a - 2 scrolls of fear
 h - a scroll of blinking
 j - a scroll of fog
 o - 2 scrolls of holy word
Potions
 c - 3 potions of curing
 d - a potion of heal wounds
 e - a potion of haste
 g - a potion of berserk rage
 i - a potion of lignification
 k - 3 potions of mutation
 n - 4 potions of flight
Miscellaneous
 f - a phial of floods


   Skills:
 + Level 14.8 Fighting
 + Level 17.5 Axes
 + Level 7.5 Armour
 - Level 2.3 Dodging
 * Level 9.5 Evocations


You had 8 spell levels left.
You didn't know any spells.
Your spell library was empty.

Dungeon Overview and Level Annotations

Branches:
Dungeon (1/1)

Altars:
Cheibriados
Dithmenos
Elyvilon
Fedhas
Gozag
Hepliaklqana
Kikubaaqudgha
Makhleb
Nemelex Xobeh
Okawaru
Qazlal
Ru
Sif Muna
Trog
Uskayaw
Vehumet
Wu Jian
Xom
Yredelemnul
Zin
The Shining One
Beogh
Jiyva
Lugonu

Shops:
D ?

Annotations:
D Erolcha


Innate Abilities, Weirdness & Mutations

You have a pair of horns on your head.
You reflexively headbutt those who attack you in melee.


Message History

The two-headed ogre is almost dead.
Erolcha casts a spell.
Erolcha flickers and vanishes!
You slice the two-headed ogre!! You burn the two-headed ogre.
You kill the two-headed ogre!
Trog accepts your kill.
You hit something. You burn something. Your headbutt misses something.
You closely miss something.
You hear some strange, mumbled words.
Something hits you.
You barely miss something. You closely miss something.
Your headbutt misses something. Something hits you.
You miss something. Your headbutt misses something. You closely miss something.
Your headbutt misses something. Something hits you.
You closely miss something. You barely miss something.
Your headbutt misses something. Something hits you.
You hit something. You burn something. You headbutt something.
Trog accepts your kill.
Trog appreciates your killing of a magic user.
Trog grants you a weapon! Something appears at your feet!
You see here a +3 executioner's axe of flaming.
Reactivating autopickup.
You feel a bit more experienced. Something hits you!!
* * * LOW HITPOINT WARNING * * *
Deactivating autopickup; reactivate with Ctrl-A.
Items here: ))) [ ††.
You hit something. You burn something.
You hear some strange, mumbled words.
Unknown command.
You feel a strong urge to attack something.
Items here: ))) [ ††.
You are no longer berserk.
You are exhausted.
You feel yourself slow down.
Things that are here:
a +3 executioner's axe of flaming; a +0 whip of pain; an orc corpse Something hits you!!
You die...

___#__##.##.#∩...+
__.#._#..........#
'###)##...)....#.#
....).#.........##
.)....#.##..##..#
#####'#..####.###
__#...#)##############
__#..)#.)..#.#.#..)).#
__#...##)#..#.##@###.#
__#..))##)#.#.##)# .##
__'...#...#..#..##..
▓▓▓▓▓▓▓▓▓▓▓▓▓▓▓▓▓▓▓▓


There were no monsters in sight!

Vanquished Creatures
  An orc high priest (D)
  A deep elf pyromancer (D)
  An orc sorcerer (D)
  A shadow (D)
  A spatial vortex (D)
  A necrophage (D)
  5 two-headed ogres (D)
  A water elemental (D)
  A jelly (D)
  4 orc priests (D)
  A wizard (D)
  A necromancer (D)
  4 orc wizards (D)
  3 humans (D)
  A kobold demonologist (D)
  A phantom (D)
  7 orcs (D)
  An endoplasm (D)
  4 rats (D)
40 creatures vanquished.

Notes
Turn   | Place    | Note
-------+----------+-------------------------------------------
     0 | D        | cbfl8 the Minotaur Berserker began the quest for the Orb.
     0 | D        | Reached XP level 1. HP: 19/19 MP: 0/0
    15 | D        | Reached skill level 4 in Axes
   214 | D        | Reached ** piety under Trog
   252 | D        | Reached skill level 5 in Fighting
   252 | D        | Reached skill level 5 in Axes
   252 | D        | Reached skill level 1 in Evocations
   252 | D        | Reached XP level 2. HP: 8/29 MP: 1/1
   659 | D        | Noticed a water elemental
   666 | D        | Killed a water elemental
   667 | D        | Reached skill level 7 in Axes
   667 | D        | Reached XP level 3. HP: 23/38 MP: 2/2
   667 | D        | Reached XP level 4. HP: 27/45 MP: 3/3
   853 | D        | Noticed a shadow
   858 | D        | Reached *** piety under Trog
   859 | D        | Reached skill level 8 in Axes
   859 | D        | Killed a shadow
   860 | D        | Reached skill level 10 in Axes
   860 | D        | Reached skill level 5 in Evocations
   860 | D        | Reached XP level 5. HP: 54/56 MP: 4/4
   860 | D        | Reached XP level 6. HP: 60/62 MP: 5/5
   960 | D        | Noticed a two-headed ogre
   960 | D        | Noticed a two-headed ogre
   966 | D        | Noticed a two-headed ogre
   970 | D        | Killed a two-headed ogre
   971 | D        | Reached skill level 11 in Axes
   972 | D        | Killed a two-headed ogre
   976 | D        | Killed a two-headed ogre
   976 | D        | Reached **** piety under Trog
   977 | D        | Reached skill level 10 in Fighting
   977 | D        | Reached skill level 12 in Axes
  1030 | D        | Noticed a two-headed ogre
  1039 | D        | Killed a two-headed ogre
  1040 | D        | Reached skill level 13 in Axes
  1040 | D        | Reached skill level 5 in Armour
  1040 | D        | Reached XP level 7. HP: 53/74 MP: 6/6
  1203 | D        | Found a blossoming altar of Fedhas.
  1203 | D        | Found a stormy altar of Qazlal.
  1203 | D        | Found a snail-covered altar of Cheibriados.
  1203 | D        | Found a burning altar of Makhleb.
  1203 | D        | Found a shimmering altar of Xom.
  1204 | D        | Found a hazy altar of Hepliaklqana.
  1204 | D        | Found an opulent altar of Gozag.
  1204 | D        | Found a sparkling altar of Nemelex Xobeh.
  1204 | D        | Found a corrupted altar of Lugonu.
  1204 | D        | Found a viscous altar of Jiyva.
  1204 | D        | Noticed a spatial vortex
  1215 | D        | Killed a spatial vortex
  1269 | D        | Found a radiant altar of Vehumet.
  1269 | D        | Found a shimmering blue altar of Sif Muna.
  1269 | D        | Found an ancient bone altar of Kikubaaqudgha.
  1274 | D        | Noticed an ice devil
  1292 | D        | Found a glowing silver altar of Zin.
  1292 | D        | Found a glowing golden altar of the Shining One.
  1292 | D        | Found a white marble altar of Elyvilon.
  1293 | D        | Noticed a deep elf pyromancer
  1302 | D        | Killed a deep elf pyromancer
  1302 | D        | Reached ***** piety under Trog
  1303 | D        | Reached skill level 14 in Axes
  1303 | D        | Reached XP level 8. HP: 65/85 MP: 7/7
  1396 | D        | Found a hide-covered altar of Uskayaw.
  1396 | D        | Found an iron altar of Okawaru.
  1396 | D        | Found a bloodstained altar of Trog.
  1396 | D        | Found an ornate altar of the Wu Jian Council.
  1407 | D        | Reached skill level 15 in Axes
  1742 | D        | Found a basalt altar of Yredelemnul.
  1742 | D        | Found a shadowy altar of Dithmenos.
  1742 | D        | Found a sacrificial altar of Ru.
  1755 | D        | Received a gift from Trog
  1842 | D        | Noticed an orc sorcerer
  1843 | D        | Found Karuihec's Magic Scroll Emporium.
  1843 | D        | Noticed an orc high priest
  1844 | D        | Noticed a soul eater
  1882 | D        | Paralysed by an orc sorcerer for 7 turns
  1894 | D        | Killed an orc sorcerer
  1895 | D        | Reached skill level 16 in Axes
  1895 | D        | Reached XP level 9. HP: 40/94 MP: 8/8
  2190 | D        | Received a gift from Trog
  2237 | D        | Killed an orc high priest
  2238 | D        | Reached skill level 17 in Axes
  2246 | D        | Reached ****** piety under Trog
  2246 | D        | Received a gift from Trog
  2298 | D        | Bought a scroll of fear for 49 gold pieces
  2298 | D        | Bought a scroll of fear for 49 gold pieces
  2298 | D        | Bought a scroll of identify for 28 gold pieces
  2354 | D        | Noticed a two-headed ogre
  2361 | D        | Noticed Erolcha
  2366 | D        | Killed a two-headed ogre
  2375 | D        | Received a gift from Trog
  2383 | D        | Mangled by Erolcha

Illustrated notes

Levels and vault maps discovered:
D:        dungeon_sprint_mu [sprint_mu_entry_cave, sprint_mu_temple_rooms,
          sprint_mu_d1_spiders, sprint_mu_d2_genie, sprint_mu_d3_branching,
          sprint_mu_orc_legion, sprint_mu_elf_gauntlet, sprint_mu_hive_nellie,
          sprint_mu_lair_fedhas, sprint_mu_vaults_butterflies,
          sprint_mu_slime_circle, sprint_mu_swamp_cave, sprint_mu_snake_twists,
          sprint_mu_blade_basic, sprint_mu_crypt_lich, sprint_mu_tomb_spiral,
          sprint_mu_vestibule_basic, sprint_mu_gehenna_hellfire,
          sprint_mu_dis_giant, sprint_mu_tartarus_statrot,
          sprint_mu_cocytus_islands, sprint_mu_zot1]

Skill      XL: |  1  2  3  4  5  6  7  8  9 |
---------------+----------------------------+-----
Fighting       | 5 6 8 11 12 13 14 | 14.8
Axes           | 5 7 10 13 14 16 17 | 17.5
Armour         | 3 4 5 6 7 |  7.5
Evocations     | 1 3 5 6 7 8 9 |  9.5
Dodging        | |  2.3

Action                   |  1- 3 |  4- 6 |  7- 9 || total
-------------------------+-------+-------+-------++-------
Melee: Hand axe          |    23 |    21 |    39 ||    83
       Headbutt          |     4 |     5 |    18 ||    27
       Punch             |     1 |     1 |       ||     2
       War axe           |       |       |    54 ||    54
Invok: Berserk           |     1 |     3 |     3 ||     7
  Use: Scroll            |     4 |       |     1 ||     5
       Potion            |       |       |     1 ||     1
Armor: Animal skin       |     3 |     1 |       ||     4
       Ring mail         |       |       |     7 ||     7
Dodge: Dodged            |    11 |     7 |    22 ||    40
